 Dungeon Crawl Stone Soup version 0.30.0-29-ga12c61a403 (webtiles) character file.

Game seed: 10795908658169221426

90061 GimliDwarf the Stormcaller (level 15, -19/80 HPs)
             Began as a Tengu Air Elementalist on June 7, 2023.
             Was the Champion of Qazlal.
             Demolished by a wolf spider simulacrum (37 damage)
             ... on level 1 of the Spider Nest.
             The game lasted 02:15:49 (30677 turns).

GimliDwarf the Stormcaller (TeAE)                  Turns: 30677, Time: 02:15:50

Health: -19/80     AC:  9    Str:  5    XL:     15   Next: 99%
Magic:  26/43      EV: 15    Int: 31    God:    Qazlal [******]
Gold:   1443       SH:  8    Dex: 17    Spells: 9/43 levels left

rFire   . . .        M - +11 plutonium sword {Contam Stlth-}
rCold   . . .        (shield currently unavailable)
rNeg    + . .        N - +1 robe "Roilewol" {rPois rC- Int+2 Slay+2}
rPois   +            (helmet restricted)
rElec   .            R - +2 cloak of the Thief {*Fog Slay-2 SInv Stlth+}
rCorr   .            (no gloves)
SInv    +            (boots unavailable)
Will    +....        G - amulet of magic regeneration
Stlth   +            p - ring "Qyoqiq" {rN+ AC+4 Str-3 Int+8}
HPRegen 0.33/turn    n - ring of magical power
MPRegen 0.68/turn

%: repel missiles
@: protected from cold, flying quickly and evasively, quick
A: beak, talons 3, nimble flight, thin skeletal structure 1, deformed body,
dopey 1, passive freeze
a: Renounce Religion, Upheaval, Elemental Force, Disaster Area


You were on level 1 of the Spider Nest.
You worshipped Qazlal.
Qazlal was exalted by your worship.
You visited 5 branches of the dungeon, and saw 21 of its levels.
You also visited: Ossuary, Gauntlet and Volcano.

You collected 2489 gold pieces.
You spent 1046 gold pieces at shops.

Inventory:

Hand Weapons
 M - the +11 plutonium sword (weapon) {Contam Stlth-}
   (You found it on level 5 of the Lair of Beasts)

   Contam:    It causes magical contamination when unequipped.
   Stlth:     It makes you less stealthy.
Missiles
 y - 2 throwing nets
Armour
 g - the +1 scale mail "Bigiytue" {Will+ Regen+ Stlth+}
   (You found it on level 11 of the Dungeon)

   Regen:     It increases your rate of health regeneration.
   Will:      It increases your willpower.
   Stlth:     It makes you more stealthy.
 o - a +2 robe of willpower
 u - the +2 robe "Inoepiwa" {Stlth+}
   (You bought it in a shop on level 1 of the Orcish Mines)

   Stlth:     It makes you more stealthy.
 N - the +1 robe "Roilewol" (worn) {rPois rC- Int+2 Slay+2}
   (You found it on level 5 of the Lair of Beasts)

   Int:       It affects your intelligence (+2).
   Slay:      It affects your accuracy & damage with ranged weapons and melee
   (+2).
   rC:        It makes you vulnerable to cold.
   rPois:     It protects you from poison.
 R - the +2 cloak of the Thief (worn) {*Fog Slay-2 SInv Stlth+}
   (You found it in a volcano)

   *Fog:      It may release a thick cloud of smoke when the wearer is hurt.
   Slay:      It affects your accuracy & damage with ranged weapons and melee
   (-2).
   SInv:      It lets you see invisible.
   Stlth:     It makes you more stealthy.
 S - a +3 leather armour of fire resistance
Magical Staves
 t - a staff of cold
 D - a staff of poison
Jewellery
 i - a +4 ring of protection
 n - a ring of magical power (right hand)
 p - the ring "Qyoqiq" (left hand) {rN+ AC+4 Str-3 Int+8}
   (You bought it in a shop on level 2 of the Orcish Mines)

   [ring of protection]

   AC:        It affects your AC (+4).
   Str:       It affects your strength (-3).
   Int:       It affects your intelligence (+8).
   rN:        It protects you from negative energy.
 s - a ring of protection from cold
 z - a ring of poison resistance
 C - a +6 ring of strength
 G - an amulet of magic regeneration (around neck)
 O - an amulet of reflection
 P - a +4 ring of slaying
Wands
 a - a wand of flame (41)
 A - a wand of roots (25)
 B - a wand of paralysis (10)
 J - a wand of polymorph (6)
Scrolls
 d - 9 scrolls of teleportation
 h - a scroll of fear
 m - 3 scrolls of poison
 E - a scroll of amnesia
 H - 5 scrolls of identify
 I - a scroll of enchant armour
 K - 2 scrolls of magic mapping
 L - a scroll of silence
Potions
 b - 3 potions of magic
 c - a potion of berserk rage
 e - 4 potions of invisibility
 j - 6 potions of cancellation
 k - 7 potions of haste
 l - 8 potions of curing
 r - 2 potions of brilliance
 v - a potion of resistance
 w - 7 potions of heal wounds
 x - 5 potions of might
 F - 4 potions of lignification


   Skills:
 + Level 4.3 Fighting
 + Level 8.3 Long Blades
 * Level 6.1 Armour
 - Level 2.1 Dodging
 - Level 2.0 Stealth
 - Level 0.5 Shields
 + Level 14.9 Spellcasting
 + Level 12.3 Conjurations
 + Level 9.0 Necromancy
 + Level 0.2 Translocations
 * Level 6.6 Transmutations
 + Level 5.5 Fire Magic
 + Level 18.0 Air Magic
 + Level 0.7 Evocations


You had 9 spell levels left.
You knew the following spells:

 Your Spells              Type           Power      Damage    Failure   Level
a - Shock                 Conj/Air       100%       1d9       0%          1
b - Static Discharge      Conj/Air       100%       2-7/arc   0%          2
c - Airstrike             Air            47%        2d(7-23)  0%          4
d - Dispel Undead         Necr           68%        3d23      1%          4
e - Arcjolt               Conj/Air       43%        1d53      1%          5
f - Vhi's Electric Charg  Tloc/Air       100%       N/A       1%          3
g - Storm Form            Tmut/Air       39%        N/A       11%         7
h - Blink                 Tloc           48%        N/A       2%          2
i - Plasma Beam           Fire/Air       38%        2x1d57    2%          6

Your spell library contained the following spells:

 Spells                   Type           Power      Damage    Failure   Level
 Swiftness                Air            94%        N/A       0%          3
 Apportation              Tloc           48%        N/A       1%          1
 Kiss of Death            Conj/Necr      100%       2d13      1%          1
 Sandblast                Erth           46%        2d11      1%          1
 Passwall                 Tmut/Erth      35%        N/A       1%          2
 Stone Arrow              Conj/Erth      100%       3d13      1%          3
 Teleport Other           Tloc           24%        N/A       5%          3
 Confusing Touch          Hex            23%        N/A       6%          3
 Tukima's Dance           Hex            23%        N/A       6%          3
 Alistair's Intoxication  Tmut/Pois      28%        N/A       14%         5
 Yara's Violent Unravell  Hex/Tmut       21%        3d10      14%         5
 Manifold Assault         Tloc           24%        N/A       19%         4
 Passage of Golubria      Tloc           24%        N/A       19%         4
 Leda's Liquefaction      Hex/Erth       11%        N/A       21%         4
 Summon Forest            Summ/Tloc      11%        N/A       45%         5
 Lee's Rapid Deconstruct  Erth           11%        3d8*      50%         5
 Statue Form              Tmut/Erth      28%        N/A       61%         6
 Disjunction              Tloc           12%        N/A       100%        8


Dungeon Overview and Level Annotations

Branches:
Dungeon (12/15)            Temple (1/1) D:5            Lair (5/5) D:11
 Shoals (0/4) Lair:2       Spider (1/4) Lair:2        Slime (0/5) Lair:5
    Orc (2/2) D:11            Elf (0/3) Orc:2       Ossuary (visited)
Volcano (visited)         Gauntlet (visited)

Altars:
Ashenzari
Cheibriados
Dithmenos
Elyvilon
Fedhas
Gozag
Hepliaklqana
Kikubaaqudgha
Makhleb
Nemelex Xobeh
Okawaru
Qazlal
Ru
Sif Muna
Trog
Uskayaw
Vehumet
Wu Jian
Xom
Yredelemnul
Zin
The Shining One
Jiyva
Lugonu

Shops:
Orc:1 **   Orc:2 [=((

Portals:
Abyss: D:9

Annotations:
D:5 2 transporters, Bobsterar's ghost, amateur MiBe


Innate Abilities, Weirdness & Mutations

You have a beak for a mouth.
You have claws for feet.
Your magical nature lets you fly swiftly and evasively.
You have a somewhat thin skeletal structure. (Dex +2, Stealth+)
Armour fits poorly on your strangely shaped body.
You are dopey. (Int -2)
A frigid envelope surrounds you and freezes all who hurt you.


Message History

Confirm with . or Enter, or press ? or * to list all spells.
Electricity surges outward!
The demonic crawler is struck by an electric surge!!!
You kill the demonic crawler!
Qazlal accepts your kill.
The wolf spider is struck by an electric surge!!!
You kill the wolf spider!
Qazlal accepts your kill.
A freezing mist starts to gather...
A wolf spider simulacrum comes into view.
Press: ? - help, v - describe, . - travel
Here: a wolf spider simulacrum (black smoke)
The floor.
You hit the wolf spider simulacrum. You claw the wolf spider simulacrum.
The wolf spider simulacrum is moderately damaged.
The jumping spider leaps!
You block the wolf spider simulacrum's attack. x2
The wolf spider simulacrum barely misses you.
The wolf spider simulacrum bites you.
The wolf spider simulacrum freezes you!!!
You feel a terrible chill!
* * * LOW HITPOINT WARNING * * *
With a swish of your cloak, you release a cloud of fog.
The wolf spider simulacrum completely resists.
Casting: Arcjolt (safe; 1% risk of failure)
Confirm with . or Enter, or press ? or * to list all spells.
Electricity surges outward!
The wolf spider simulacrum is struck by an electric surge!!
The wolf spider simulacrum vaporises!
The wolf spider simulacrum is struck by an electric surge.
The wolf spider simulacrum is lightly damaged.
The orb spider simulacrum is struck by an electric surge!!!
The orb spider simulacrum vaporises!
The wolf spider simulacrum closely misses you.
The wolf spider simulacrum bites you.
* * * LOW HITPOINT WARNING * * *
The wolf spider simulacrum freezes you!!!
You feel a terrible chill!
You feel protected from cold.
You die...

## . # .# #
. . .#..
.####^#. ...
..#.#..
#..#§...#
#.#§§§. #
##§§Z##....
#.§@§§§#
#§§§§#§..#
...☼.°§°#
...
..#.....#§..
#
###...#..##
#..##..° ##.
... .. .#..


You could see a wolf spider simulacrum.

Vanquished Creatures
  Snorg (Lair:4)
  Josephine (D:12)
  A fire dragon (Volcano)
  An ice dragon (Lair:5)
  8 hydras
  4 ogre magi (Orc:2)
  A catoblepas (Lair:1)
  14 two-headed ogres
  3 death yaks (Lair:4)
  A boulder beetle (Lair:2)
  Nergalle (Lair:2)
  2 skysharks
  Sonja (D:10)
  2 pharaoh ants (Spider:1)
  An orb spider (Spider:1)
  3 orc knights
  5 lindwurms
  3 wolf spiders
  2 orc sorcerers (Orc:2)
  An ugly thing (D:11)
  An oklob plant (D:11)
  A manticore (D:11)
  6 elephants
  A guardian serpent (Lair:5)
  A demonic crawler (Spider:1)
  2 smoke demons (Volcano)
  6 torpor snails
  8 black mambas
  20 cane toads
  3 gargoyles
  12 komodo dragons
  5 rime drakes
  A meliai (Lair:2)
  4 trolls
  4 tyrant leeches (Lair:5)
  11 hornets
  5 polar bears
  5 dream sheep (Lair:4)
  A snapping turtle (Lair:2)
  46 blink frogs
  Sigmund (D:5)
  A slime creature (D:12)
  A vampire (D:12)
  6 wraiths
  A spriggan (Lair:3)
  52 yaks
  12 wyverns
  2 steam dragons (Volcano)
  A basilisk (Lair:5)
  A redback (Lair:5)
  Edmund (D:4)
  8 wargs
  20 water moccasins
  2 hell hounds (Volcano)
  20 orc warriors
  2 ice beasts
  2 sky beasts
  7 black bears
  13 wolves
  33 ogres
  6 centaurs
  2 phantoms
  9 bullfrogs
  3 gnoll sergeants (D:10)
  A scorpion (D:7)
  8 wights
  13 killer bees
  An electric eel (Lair:2)
  6 howler monkeys
  5 jellies (Lair:5)
  2 centaur zombies (Ossuary)
  2 hounds
  A human zombie (Ossuary)
  2 gnoll boudas (D:7)
  15 orc priests
  Ijyb (D:5)
  13 hell rats (Lair:4)
  19 orc wizards
  2 sleepcaps
  2 iguanas
  A statue (D:9)
  5 mummies (Ossuary)
  14 gnolls
  8 adders
  2 white imps
  An ufetubus (D:4)
  3 worms
  A dart slug (D:1)
  67 orcs
  2 ball pythons (D:3)
  3 bats
  10 endoplasms
  5 giant cockroaches
  A gnoll zombie (Ossuary)
  10 goblins
  5 hobgoblins
  3 jackals (D:1)
  4 quokkas
  3 frilled lizards
  2 goblin zombies (Ossuary)
  2 hobgoblin zombies (Ossuary)
  5 kobolds
  10 rats
  A lurking horror (D:9)
666 creatures vanquished.

Vanquished Creatures (others)
  An orc (Orc:2)
1 creature vanquished.

Grand Total: 667 creatures vanquished

Notes
Turn   | Place    | Note
-------+----------+-------------------------------------------
     0 | D:1      | GimliDwarf the Tengu Air Elementalist began the quest for
                  | the Orb.
     0 | D:1      | Reached XP level 1. HP: 10/10 MP: 4/4
   302 | D:1      | Reached XP level 2. HP: 15/15 MP: 3/6
   305 | D:1      | Learned a level 2 spell: Static Discharge
   786 | D:1      | Reached XP level 3. HP: 19/19 MP: 4/7
  1502 | D:2      | Reached skill level 5 in Air Magic
  1902 | D:2      | You fall into a shaft and drop 2 floors!
  1942 | D:4      | Found a shadowy altar of Dithmenos.
  1943 | D:4      | Found an ornate altar of the Wu Jian Council.
  1989 | D:4      | Reached XP level 4. HP: 14/24 MP: 0/9
  2120 | D:3      | Found a broken altar of Ashenzari.
  2124 | D:3      | Saw a vision of the Shoals and the Spider Nest.
  2124 | D:3      | Noticed a culicivora
  2124 | D:3      | Noticed a redback
  2124 | D:3      | Noticed a steelbarb worm
  2124 | D:3      | Noticed a redback
  2124 | D:3      | Noticed a tarantella
  2124 | D:3      | Noticed a wolf spider
  2124 | D:3      | Noticed a cyclops
  2124 | D:3      | Noticed a merfolk
  2124 | D:3      | Noticed a sea snake
  2124 | D:3      | Noticed a merfolk
  2124 | D:3      | Noticed a snapping turtle
  2124 | D:3      | Noticed a manticore
  2124 | D:3      | Noticed a merfolk
  2124 | D:3      | Noticed a merfolk
  2124 | D:3      | Noticed a snapping turtle
  2124 | D:3      | Noticed a merfolk
  2124 | D:3      | Noticed a wolf spider
  2125 | D:3      | Noticed a redback
  2126 | D:3      | Noticed a redback
  2133 | D:3      | Noticed a jumping spider
  2137 | D:3      | Noticed an entropy weaver
  2530 | D:3      | Learned a level 4 spell: Airstrike
  2792 | D:3      | Gained mutation: Your magical nature lets you fly swiftly
                  | and evasively. [Tengu growth]
  2792 | D:3      | Reached XP level 5. HP: 28/28 MP: 6/10
  3600 | D:3      | Noticed Sigmund
  3937 | D:3      | Reached skill level 6 in Air Magic
  4043 | D:3      | Reached XP level 6. HP: 23/32 MP: 3/12
  4174 | D:4      | Got the Verses on Dislocated Haze
  4312 | D:4      | Reached skill level 5 in Conjurations
  4528 | D:4      | Noticed Edmund
  4547 | D:4      | Killed Edmund
  4548 | D:4      | Reached XP level 7. HP: 36/36 MP: 1/14
  4845 | D:4      | Reached skill level 7 in Air Magic
  5811 | D:5      | Entered Level 5 of the Dungeon
  5924 | D:5      | Found a sparkling altar of Nemelex Xobeh.
  5948 | D:5      | Killed Sigmund
  5949 | D:5      | Reached skill level 5 in Spellcasting
  5949 | D:5      | Reached XP level 8. HP: 31/41 MP: 6/16
  6072 | D:5      | Noticed Ijyb
  6186 | D:5      | Reached skill level 8 in Air Magic
  6414 | D:5      | Found a staircase to the Ecumenical Temple.
  6420 | Temple   | Entered the Ecumenical Temple
  6505 | Temple   | Became a worshipper of Qazlal Stormbringer
  6570 | D:5      | Killed Ijyb
  6745 | D:5      | Found a transporter.
  6745 | D:5      | Noticed Bobsterar's ghost (amateur MiBe)
  6749 | D:5      | Found a transporter.
  7053 | D:5      | Identified the +0 ring mail of the Sun {rF+ rC+ Int-5
                  | Dex+4}
  7613 | D:6      | Reached skill level 9 in Air Magic
  8471 | D:6      | Reached XP level 9. HP: 45/45 MP: 12/19
  8637 | D:6      | Learned a level 4 spell: Dispel Undead
  8704 | D:7      | Found a sand-covered staircase.
  8749 | Ossuary  | Entered an ossuary
  9150 | Ossuary  | Reached skill level 1 in Necromancy
  9614 | D:7      | Reached skill level 10 in Air Magic
  9714 | D:7      | Found a hide-covered altar of Uskayaw.
  9715 | D:7      | Reached * piety under Qazlal
 10435 | D:7      | Found a sacrificial altar of Ru.
 10602 | D:8      | Found a shimmering blue altar of Sif Muna.
 10604 | D:8      | Found a glowing golden altar of the Shining One.
 10614 | D:8      | Learned a level 5 spell: Arcjolt
 10618 | D:8      | Learned a level 3 spell: Vhi's Electric Charge
 10618 | D:8      | Found a snail-covered altar of Cheibriados.
 10642 | D:8      | Reached skill level 11 in Air Magic
 10783 | D:8      | Found a hazy altar of Hepliaklqana.
 10785 | D:8      | Found a bloodstained altar of Trog.
 10855 | D:8      | Reached XP level 10. HP: 43/51 MP: 13/22
 10968 | D:8      | Noticed a two-headed ogre
 10971 | D:8      | Killed a two-headed ogre
 11763 | D:9      | Found a corrupted altar of Lugonu.
 11765 | D:9      | Found a one-way gate to the infinite horrors of the Abyss.
 11879 | D:9      | Reached skill level 12 in Air Magic
 12081 | D:9      | Noticed a two-headed ogre
 12084 | D:9      | Killed a two-headed ogre
 12085 | D:9      | Reached skill level 10 in Conjurations
 12177 | D:9      | Found a radiant altar of Vehumet.
 12762 | D:9      | Learned a level 7 spell: Storm Form
 12763 | D:10     | Entered Level 10 of the Dungeon
 12793 | D:10     | Found an ancient bone altar of Kikubaaqudgha.
 12976 | D:10     | Noticed Sonja
 12978 | D:10     | Killed Sonja
 12979 | D:10     | Reached skill level 5 in Necromancy
 12979 | D:10     | Reached XP level 11. HP: 55/55 MP: 15/25
 13056 | D:10     | Reached skill level 1 in Transmutations
 13414 | D:10     | Reached ** piety under Qazlal
 13717 | D:10     | Gained mutation: You are dopey. (Int -2) [potion of
                  | mutation]
 13717 | D:10     | Gained mutation: You are weak. (Str -2) [potion of
                  | mutation]
 13717 | D:10     | Gained mutation: You are covered in fur. (AC +1) [potion of
                  | mutation]
 13717 | D:10     | Gained mutation: A frigid envelope surrounds you and
                  | freezes all who hurt you. [potion of mutation]
 14418 | D:10     | Learned a level 2 spell: Blink
 14465 | D:11     | Reached skill level 13 in Air Magic
 14585 | D:11     | Noticed a brown ugly thing
 14590 | D:11     | Killed a brown ugly thing
 14966 | D:11     | Noticed a manticore
 14969 | D:11     | Killed a manticore
 15094 | D:11     | Found a staircase to the Orcish Mines.
 15227 | D:11     | Noticed an oklob plant
 15228 | D:11     | Found a staircase to the Lair.
 16383 | D:11     | Killed an oklob plant
 16511 | D:11     | Identified the +1 scale mail "Bigiytue" {Will+ Regen+
                  | Stlth+}
 16830 | D:12     | Noticed Josephine
 16838 | D:12     | Killed Josephine
 16839 | D:12     | Reached skill level 10 in Spellcasting
 17109 | D:12     | Found a gate leading to a gauntlet.
 17118 | Gauntlet | Entered a Gauntlet
 17118 | Gauntlet | Found a transporter.
 17118 | Gauntlet | Found a transporter.
 17125 | Gauntlet | Found a transporter.
 17126 | Gauntlet | Noticed a tengu warrior
 17127 | Gauntlet | Found a transporter.
 17128 | Gauntlet | Found a transporter.
 17138 | Gauntlet | Found a transporter.
 17142 | Gauntlet | Found a transporter.
 17151 | Gauntlet | Noticed a green death
 17151 | Gauntlet | Noticed an orange crystal statue
 17152 | Gauntlet | Found a transporter.
 17244 | Gauntlet | Found a transporter.
 17256 | Gauntlet | Found a transporter.
 17258 | Gauntlet | Found a transporter.
 17268 | Gauntlet | Found a transporter.
 17788 | D:12     | Reached skill level 14 in Air Magic
 17970 | D:12     | Reached XP level 12. HP: 60/60 MP: 19/27
 17970 | D:12     | Noticed a death knight
 18064 | Lair:1   | Entered Level 1 of the Lair of Beasts
 18421 | Lair:1   | Reached *** piety under Qazlal
 18945 | Lair:1   | Noticed a catoblepas
 18965 | Lair:1   | Killed a catoblepas
 18966 | Lair:1   | Reached skill level 15 in Air Magic
 19640 | Lair:1   | Reached skill level 1 in Long Blades
 19997 | Lair:2   | Noticed a boulder beetle
 20002 | Lair:1   | Reached skill level 1 in Fighting
 20061 | Lair:2   | Noticed Nergalle
 20077 | Lair:2   | Killed Nergalle
 20394 | Lair:2   | Killed a boulder beetle
 20456 | Lair:2   | Reached XP level 13. HP: 65/65 MP: 21/29
 20594 | Lair:2   | Reached **** piety under Qazlal
 20656 | Lair:2   | HP: 1/66 [rime drake/icy flash freeze (18)]
 20663 | Lair:2   | Reached skill level 16 in Air Magic
 20976 | Lair:1   | Learned a level 6 spell: Plasma Beam
 20983 | Lair:1   | Reached skill level 1 in Fire Magic
 21210 | Lair:2   | Found a hole to the Spider Nest.
 21869 | Lair:2   | Found a staircase to the Shoals.
 22599 | Lair:3   | Reached ***** piety under Qazlal
 23116 | Lair:4   | Noticed Snorg
 23123 | Lair:4   | Killed Snorg
 23134 | Lair:4   | Reached skill level 1 in Armour
 23529 | Lair:4   | Reached skill level 5 in Long Blades
 23529 | Lair:4   | Reached XP level 14. HP: 68/74 MP: 12/31
 23930 | Lair:4   | Reached skill level 5 in Transmutations
 24252 | Lair:5   | Entered Level 5 of the Lair of Beasts
 24252 | Lair:5   | Found a viscous altar of Jiyva.
 24350 | Lair:5   | Reached skill level 17 in Air Magic
 25957 | Lair:5   | Reached ****** piety under Qazlal
 26106 | Lair:5   | Found a staircase to the Slime Pits.
 26198 | Lair:5   | Found a runed translucent door.
 26208 | Lair:5   | Paralysed by a hornet for 3 turns
 26517 | Lair:5   | Reached skill level 5 in Fire Magic
 26704 | Lair:5   | Reached XP level 15. HP: 66/78 MP: 14/33
 27061 | Lair:5   | Found the +11 plutonium sword {Contam Stlth-}
 27075 | Lair:5   | Identified the +1 robe "Roilewol" {rPois rC- Int+2 Slay+2}
 27356 | Lair:5   | Reached skill level 5 in Armour
 27507 | Lair:5   | Reached skill level 18 in Air Magic
 27863 | Orc:1    | Entered Level 1 of the Orcish Mines
 28065 | Orc:2    | Entered Level 2 of the Orcish Mines
 28065 | Orc:2    | Found a dark tunnel.
 28240 | Volcano  | Entered a volcano
 28604 | Volcano  | Found the +2 cloak of the Thief {*Fog Slay-2 SInv Stlth+}
 28827 | Orc:1    | Lost mutation: You are weak. (Str -2) [potion of mutation]
 28827 | Orc:1    | Lost mutation: You are covered in fur. (AC +1) [potion of
                  | mutation]
 28827 | Orc:1    | Gained mutation: Armour fits poorly on your strangely
                  | shaped body. [potion of mutation]
 28827 | Orc:1    | Gained mutation: You have a somewhat thin skeletal
                  | structure. (Dex +2, Stealth+) [potion of mutation]
 29842 | Orc:2    | Found a staircase to the Elven Halls.
 29978 | Orc:2    | Found Noquub Luu's Antique Armour Shoppe.
 29978 | Orc:2    | Found Xesoil's Weapon Boutique.
 29978 | Orc:2    | Found Nyhamaug's Jewellery Boutique.
 29978 | Orc:2    | Found Zente's Weapon Emporium.
 29987 | Orc:2    | Bought a ring of magical power for 240 gold pieces
 30005 | Orc:2    | Bought the ring "Qyoqiq" {rN+ AC+4 Str-3 Int+8} for 692
                  | gold pieces
 30274 | Orc:1    | Found Nebewoq's Gadget Gallery.
 30274 | Orc:1    | Found Luigaluf's Assorted Antiques.
 30324 | Orc:1    | Bought a fine robe for 114 gold pieces
 30324 | Orc:1    | Identified the +2 robe "Inoepiwa" {Stlth+} (You bought it
                  | in a shop on level 1 of the Orcish Mines)
 30672 | Spider:1 | Entered Level 1 of the Spider Nest
 30677 | Spider:1 | Demolished by a wolf spider simulacrum

Illustrated notes

Levels and vault maps discovered:
D:1:      enne_arrival_octagon_isle, layout_loops_ring
D:2:      layout_basic
D:3:      kennysheep_big_flooded_room, layout_rooms, grunt_ashenzari_visionary
          [grunt_ashenzari_visionary_shoals, grunt_ashenzari_visionary_spider],
          nrook_loot_triangle, st_stairs_3, solitary_fountain, uniq_sigmund
D:4:      layout_gridville, nicolae_overflow_squiral, uniq_edmund
D:5:      layout_gridville, nemelex_spade_bored_becter,
          minmay_temple_entry_tees, gammafunk_ghost_arena,
          palyth_stone_intersect, hex_large, uniq_ijyb
D:6:      layout_basic, minivault_4
D:7:      layout_loops_ring, general_overflow_altar, lemuel_tele_altar,
          nicolae_ossuary_entry_ruins, minmay_misc_feat_cross, grunt_tough_drop
D:8:      layout_gridville, grunt_temple_overflow_open
D:9:      layout_big_octagon, vehumet_statue, chequers_serial_rivers_small_a,
          amcnicky_altar_lugonu_corruption
D:10:     layout_roguey, kiku_gazebo_pond_becter, uniq_sonja
D:11:     layout_roguey, dpeg_oklobed_lair, orc_0_dummy
D:12:     layout_layer_cave, gauntlet_entry_generic, onia_ninara_cookie,
          uniq_josephine
Temple:   hellmonk_temple_beads
Lair:1:   layout_regular_city, wad_woods_road_06, serial_bayou_pond_a,
          serial_bayou_shore_a, lemuel_fruit_fields, grunt_megastairs_5
Lair:2:   layout_loops_ring, minmay_shoals_entry_hut,
          hellmonk_spider_entry_not_the_bees, beast_lair_carwin_5, uniq_nergalle
Lair:3:   layout_loops_ring, st_stairs_5, nicolae_lair_lil_pond,
          forest_entry_grove, grunt_megastairs_3
Lair:4:   layout_cave_pods, uniq_snorg
Lair:5:   hangedman_lair_tendril_chambers, layout_regular_city, wormcave,
          nicolae_slime_entry_field_trip
Spider:1: nicolae_spider_hilbert_zone_2 [nicolae_spider_hilbert_4_sides_1_open,
          nicolae_spider_hilbert_4_sides_1_open,
          nicolae_spider_hilbert_4_sides_1_open,
          nicolae_spider_hilbert_4_sides_1_open,
          nicolae_spider_hilbert_6_sides_1_open,
          nicolae_spider_hilbert_6_sides_1_open,
          nicolae_spider_hilbert_3_sides_1_open,
          nicolae_spider_hilbert_3_sides_1_open,
          nicolae_spider_hilbert_3_sides_1_open,
          nicolae_spider_hilbert_3_sides_1_open,
          nicolae_spider_hilbert_6_sides_1_open,
          nicolae_spider_hilbert_6_sides_1_open,
          nicolae_spider_hilbert_6_sides_1_open,
          nicolae_spider_hilbert_6_sides_1_open]
Orc:1:    layout_caves, serial_shops, shop, nicolae_shop_gadgets
Orc:2:    st_orc_ogre_mass, layout_diamond_mine, nicolae_volcano_entry_lava_flow

Skill      XL: |  1  2  3  4  5  6  7  8  9 10 11 12 13 14 15 |
---------------+----------------------------------------------+-----
Conjurations   | 2 3 4 5 7 8 9 10 11 12 | 12.3
Air Magic      | 5 6 7 9 11 12 14 15 16 17 18 | 18.0
Spellcasting   | 3 4 5 6 7 9 10 11 12 13 14 | 14.9
Necromancy     | 3 5 6 8 9 |  9.0
Transmutations | 2 3 4 5 6 |  6.6
Long Blades    | 1 5 6 8 |  8.3
Fighting       | 1 3 4 |  4.3
Fire Magic     | 3 5 |  5.5
Armour         | 1 4 6 |  6.1
Dodging        | |  2.1
Stealth        | |  2.0
Shields        | |  0.5
Translocations | |  0.2
Evocations     | |  0.7

Action                     |  1- 3 |  4- 6 |  7- 9 | 10-12 | 13-15 || total
---------------------------+-------+-------+-------+-------+-------++-------
  Melee: Unarmed           |     9 |       |       |       |       ||     9
         Peck              |     2 |       |     1 |    20 |    22 ||    45
         Kick              |     1 |       |       |    30 |    43 ||    74
         Long sword        |       |       |     4 |    66 |    72 ||   142
         Punch             |       |       |       |     1 |       ||     1
         Triple sword      |       |       |       |       |    50 ||    50
   Cast: Shock             |    90 |    87 |   169 |   143 |    69 ||   558
         Airstrike         |       |     7 |    62 |   236 |   356 ||   661
         Vhi's Electric Ch |       |       |       |     2 |     6 ||     8
         Arcjolt           |       |       |       |    10 |    79 ||    89
         Plasma Beam       |       |       |       |       |    24 ||    24
  Evoke: Wand              |       |       |       |    19 |     1 ||    20
    Use: Scroll            |       |       |    21 |    14 |     4 ||    39
         Potion            |       |       |       |     2 |     5 ||     7
   Stab: Petrified         |       |       |       |     1 |       ||     1
 Armour: Robe              |     8 |     3 |    13 |    38 |    70 ||   132
  Dodge: Dodged            |    11 |     6 |    45 |    97 |   181 ||   340
         Repelled          |       |       |       |       |     5 ||     5
  Block: Other             |       |       |     1 |    20 |   136 ||   157
